 Dungeon Crawl Stone Soup version 0.22-a0-782-g038298e (webtiles) character file.

53 inmateoo the Grasshopper (level 3, -3/18 HPs)
             Began as a Vine Stalker Warper on July 19, 2018.
             Slain by a bullfrog (5 damage)
             ... on level 2 of the Dungeon.
             The game lasted 00:01:28 (1127 turns).

inmateoo the Grasshopper (Vine Stalker Warper)      Turns: 1127, Time: 00:01:28

Health: -3/18      AC:  5    Str: 14    XL:     3   Next: 87%
Magic:  0/7        EV: 11    Int: 13    God:
Gold:   18         SH:  0    Dex: 13    Spells: 7/7 levels left

rFire    + . .     SeeInvis .   a - +0 falchion
rCold    . . .     Gourm    .   (no shield)
rNeg     . . .     Faith    .   c - +0 ring mail {rF+}
rPois    .         Spirit   +   (no helmet)
rElec    .         Reflect  .   (no cloak)
rCorr    .         Harm     .   (no gloves)
MR       .....                  (no boots)
Stlth    ++........             (no amulet)
HPRegen  0.06/turn              g - ring of stealth
MPRegen  0.10/turn              (no ring)

@: flying
A: fangs 2, magic shield, antimagic bite, no potion heal 3, rot immunity
a: no special abilities


You were on level 2 of the Dungeon.
You were hungry.

You visited 1 branch of the dungeon, and saw 2 of its levels.

You collected 18 gold pieces.

Inventory:

Hand Weapons
 a - a +0 falchion (weapon)
Missiles
 e - 5 tomahawks of dispersal (quivered)
 j - 5 tomahawks
Armour
 c - a +0 ring mail of fire resistance (worn)
Jewellery
 g - a ring of stealth (left hand)
Scrolls
 d - a scroll of blinking
Potions
 l - a potion of magic {unknown}
 m - a potion of mutation
Comestibles
 f - 2 rations


   Skills:
 + Level 2.1 Fighting
 * Level 2.6 Long Blades
 - Level 0.8 Throwing
 + Level 1.2 Armour
 + Level 2.0 Dodging
 + Level 2.5 Spellcasting
   Level 3.0 Translocations


You had 7 spell levels left.
You didn't know any spells.
Your spell library contained the following spells:

 Spells                   Type           Power        Failure   Level  Hunger
 Teleport Other           Tloc           #.......     41%         3    ###....
 Blink                    Tloc           N/A          22%         2    ###....
 Passage of Golubria      Tloc           N/A          82%         4    #####..
 Shroud of Golubria       Chrm/Tloc      #.........   38%         2    ###....
 Gell's Gravitas          Tloc           #.........   41%         3    ###....
 Lesser Beckoning         Tloc           #.........   41%         3    ###....


Dungeon Overview and Level Annotations

Branches:
Dungeon (2/15)

Altars:


Innate Abilities, Weirdness & Mutations

You have extremely sharp teeth.
When hurt, damage is shared between your health and your magic reserves.
Your bite disrupts and absorbs the magic of your enemies.
Potions cannot restore your health.
You are immune to rotting.


Message History

The bullfrog hits you.
* * * LOW HITPOINT WARNING * * *
The bullfrog hits you but does no damage.
You miss the bullfrog.
The bullfrog is severely wounded.
The bullfrog hits you but does no damage. x2
You closely miss the bullfrog.
The bullfrog is severely wounded.
The bullfrog barely misses you.
The bullfrog hits you but does no damage.
You hit the bullfrog but do no damage.
The bullfrog is severely wounded.
You feel less wooden.
Your +0 ring mail of fire resistance unmelds from your body.
You feel resistant to fire.
The bullfrog hits you but does no damage.
It was a potion of flight.
You feel very buoyant.
You fly up into the air.
The bullfrog hits you!
You die...

.. #..... ##.####.....
........... ######.##.....#
...............
########.#####.#.....# #......#.#
#.#......
#######.####.#.#####.#......
.........wF@.....†[..#......
######.###.##.#####.#......
#.#......# #.#....#.
############.#.#.#### #.#......
......w......#.#.# #..#.#...
.#############.#.########..#.#.#.
.# #.#................. .#
#.############.##.## .# #.#
..........


You could see a bullfrog and a worm.

Vanquished Creatures
  3 adders (D:2)
  A dart slug (D:1)
  A leopard gecko (D:2)
  A ball python (D:1)
  2 bats
  A giant cockroach (D:1)
  3 goblins (D:1)
  A hobgoblin (D:1)
  3 jackals (D:2)
  2 kobolds (D:1)
  2 frilled lizards
  3 rats
23 creatures vanquished.

Notes
Turn   | Place    | Note
-------+----------+-------------------------------------------
     0 | D:1      | inmateoo the Vine Stalker Warper began the quest for the Orb.
     0 | D:1      | Reached XP level 1. HP: 11/11 MP: 4/4
   352 | D:1      | Reached XP level 2. HP: 11/15 MP: 4/6
   566 | D:1      | Reached skill level 1 in Armour
   889 | D:2      | Reached XP level 3. HP: 16/18 MP: 7/7
  1103 | D:2      | Noticed a bullfrog
  1127 | D:2      | Slain by a bullfrog

Vault maps used:
D:1:      sevenhm_arrival_forest_fort_large_2

Skill      XL: |  1  2  3 |
---------------+----------+-----
Long Blades    | 2 |  2.6
Armour         | 1 |  1.2
Fighting       | 2 |  2.1
Dodging        | 2 |  2.0
Throwing       | |  0.8
Spellcasting   | |  2.5
Translocations | |  3.0

Action                   || total
-------------------------++-------
Melee: Falchion          ||    79
       Bite              ||    15
  Use: Scroll            ||     4
       Potion            ||     2
 Stab: Sleeping          ||     4
Armor: Leather armour    ||    10
       Skin              ||    25
       Ring mail         ||     5
Dodge: Dodged            ||    43
       Rpst.: Falchion   ||    11

Table legend:
 A = Spawn XP
 B = Non-spawn XP
 C = Spawn XP percentage of total XP
 D = Spawn monster count
 E = Non-spawn monster count
 F = Spawn count percentage of total count
 G = Total turns spent on level
                    A         B        C        D         E        F      G
               +---------+---------+-------+---------+---------+-------+---------
         Total |       0 |      76 |   0.0 |       0 |      23 |   0.0 |  1127
               +---------+---------+-------+---------+---------+-------+---------
           D:1 |       0 |      23 |   0.0 |       0 |      13 |   0.0 |   818
           D:2 |       0 |      53 |   0.0 |       0 |      10 |   0.0 |   309
               +---------+---------+-------+---------+---------+-------+---------
